 Dungeon Crawl Stone Soup version 0.28-a0-802-g09f76e8c00 (webtiles) character file.

Game seed: 1601028905651795542

196 iamoutofideas the Firebug (level 5, -1/36 HPs)
             Began as a Demonspawn Fire Elementalist on Nov 6, 2021.
             Slain by Grinder (2 damage)
             ... while paralysed by Grinder
             ... on level 3 of the Dungeon.
             The game lasted 00:06:22 (3383 turns).

iamoutofideas the Firebug (DsFE)                    Turns: 3383, Time: 00:06:23

Health: -1/36      AC:  4    Str:  8    XL:     5   Next: 46%
Magic:  0/9        EV:  2    Int: 18    God:
Gold:   72         SH:  0    Dex: 13    Spells: 4/10 levels left

rFire   + . .      SeeInvis .   e - +2 dagger (elec)
rCold   . . .      Faith    .   (no shield)
rNeg    . . .      Spirit   .   h - +1 animal skin
rPois   .          Reflect  .   d - +0 helmet
rElec   .          Harm     .   (no cloak)
rCorr   .          Rampage  .   (no gloves)
Will    .....                   (no boots)
Stlth   ++........              (no amulet)
HPRegen 0.12/turn               f - ring of protection from fire
MPRegen 0.11/turn               (no ring)

@: paralysed, very slightly contaminated, hasted, invisible
A: powered by death 2
a: no special abilities


You were on level 3 of the Dungeon.
You visited 1 branch of the dungeon, and saw 3 of its levels.

You collected 72 gold pieces.

Inventory:

Hand Weapons
 c - a +1 vampiric dagger
 e - a +2 dagger of electrocution (weapon)
Armour
 a - a +0 robe
 d - a +0 helmet (worn)
 h - a +1 animal skin (worn)
Jewellery
 f - a ring of protection from fire (left hand)
Scrolls
 b - 2 scrolls of teleportation
 i - a scroll of immolation {unknown}
 k - a scroll of enchant armour {unknown}


   Skills:
 + Level 0.9 Fighting
 + Level 2.7 Dodging
 - Level 1.7 Stealth
 - Level 0.8 Unarmed Combat
 + Level 3.1 Spellcasting
 + Level 2.3 Conjurations
 + Level 3.7 Fire Magic


You had 4 spell levels left.
You knew the following spells:

 Your Spells              Type           Power      Damage    Failure   Level
a - Foxfire               Conj/Fire      52%        2x1d6     4%          1
b - Scorch                Fire           32%        2d7       5%          2
c - Conjure Flame         Conj/Fire      13%        6-21      14%         3

Your spell library contained the following spells:

 Spells                   Type           Power      Damage    Failure   Level
 Slow                     Hex            8%         N/A       16%         1
 Inner Flame              Hex/Fire       9%         N/A       22%         3
 Confusing Touch          Hex            2%         N/A       43%         3
 Vampiric Draining        Necr           2%         2d6       43%         3
 Flame Wave               Conj/Fire      13%        3d5       43%         4


Dungeon Overview and Level Annotations

Branches:
Dungeon (3/15)

Altars:

Annotations:
D:1 exclusion: 2 downstairs
D:3 Grinder


Innate Abilities, Weirdness & Mutations

You regenerate health from kills.


Message History

Casting: Foxfire (safe; 4% risk of failure)
Confirm with . or Enter, or press ? or * to list all spells.
You conjure some foxfire!
The foxfire hits Grinder but does no damage.
Grinder is moderately wounded.
The foxfire hits Grinder.
Grinder is heavily wounded.
Your foxfire dissipates!
The foxfire hits Grinder but does no damage.
Grinder is heavily wounded.
Grinder gestures at you.
You suddenly lose the ability to move!
Grinder gestures at you.
You shrug off the repeated paralysis!
Grinder gestures at you. Pain shoots through your body!
You can move again.
Unknown command.
You fade into invisibility!
You are very lightly contaminated with residual magic.
You feel yourself speed up.
Casting: Foxfire (safe; 4% risk of failure)
Confirm with . or Enter, or press ? or * to list all spells.
You conjure some foxfire!
Your foxfire dissipates!
The foxfire hits Grinder.
Grinder is heavily wounded.
Grinder blinks!
Grinder gestures at you.
You suddenly lose the ability to move!
Grinder gestures at you. Pain shoots through your body!
* * * LOW HITPOINT WARNING * * *
Grinder hits you.
* * * LOW HITPOINT WARNING * * *
Grinder completely misses you. Grinder hits you.
* * * LOW HITPOINT WARNING * * *
You writhe in agony.
You die...

..........# .......
.###.>....##.......
....#....†.........
... #.............<
.. #........######
+...........#
##.......##.#
#...5##.# # #..@.#
.# #....##.##.#
#####<.....#
#...#### #.### #..
###


You could see Grinder.

Vanquished Creatures
  A centaur skeleton (D:2)
  Natasha (thrice) (D:2)
  Robin (D:1)
  2 adders
  3 dart slugs
  A ball python (D:2)
  4 endoplasms
  2 giant cockroaches
  9 goblins
  10 hobgoblins
  4 jackals (D:1)
  6 bats
  2 frilled lizards
  5 kobolds
  7 rats
60 creatures vanquished.

Vanquished Creatures (others)
  212 foxfires
212 creatures vanquished.

Grand Total: 272 creatures vanquished

Notes
Turn   | Place    | Note
-------+----------+-------------------------------------------
     0 | D:1      | iamoutofideas the Demonspawn Fire Elementalist began the
                  | quest for the Orb.
     0 | D:1      | Reached XP level 1. HP: 13/13 MP: 3/3
   370 | D:1      | Found a faded altar of an unknown god.
   756 | D:1      | Gained mutation: You regenerate a little health from kills.
                  | [demonic ancestry]
   756 | D:1      | Reached XP level 2. HP: 7/19 MP: 0/5
  1758 | D:2      | Gained mutation: You regenerate health from kills. [demonic
                  | ancestry]
  1758 | D:2      | Reached XP level 3. HP: 19/24 MP: 2/6
  1872 | D:2      | Noticed Robin
  2075 | D:1      | Learned a level 2 spell: Scorch
  2272 | D:1      | Learned a level 3 spell: Conjure Flame
  2334 | D:1      | Killed Robin
  2335 | D:1      | Reached XP level 4. HP: 31/31 MP: 2/7
  2882 | D:2      | Noticed Natasha
  2890 | D:2      | Killed Natasha
  2891 | D:2      | Reached XP level 5. HP: 29/36 MP: 1/9
  2976 | D:2      | Noticed Natasha
  2983 | D:2      | Killed Natasha
  3077 | D:2      | Noticed Natasha
  3090 | D:2      | Killed Natasha
  3346 | D:3      | Noticed Grinder
  3367 | D:3      | Paralysed by Grinder for 4 turns
  3378 | D:3      | Paralysed by Grinder for 5 turns
  3383 | D:3      | HP: 1/36 [Grinder (2)]
  3383 | D:3      | Slain by Grinder

Illustrated notes

Levels and vault maps discovered:
D:1:      onia_arrival_mini_maze_b, layout_loops_ring,
          ebering_ecumenical_altar_webs, roderic_filled_cross
D:2:      layout_rooms, uniq_natasha, uniq_robin
D:3:      layout_basic, serial_shops, nicolae_diamond_shop, uniq_terence,
          uniq_grinder

Skill      XL: |  1  2  3  4  5 |
---------------+----------------+-----
Fire Magic     | 3 |  3.7
Dodging        | 2 |  2.7
Conjurations   | 2 |  2.3
Spellcasting   | 3 |  3.1
Fighting       | |  0.9
Stealth        | |  1.7
Unarmed Combat | |  0.8

Action                   |  1- 3 |  4- 6 || total
-------------------------+-------+-------++-------
Melee: Unarmed           |    15 |     1 ||    16
       Dagger            |    16 |     1 ||    17
 Cast: Foxfire           |    77 |    67 ||   144
  Use: Potion            |     2 |     2 ||     4
       Scroll            |     1 |       ||     1
Armor: Robe              |    34 |       ||    34
       Animal skin       |       |     5 ||     5
       Skin              |       |     1 ||     1
Dodge: Dodged            |   106 |    17 ||   123

Table legend: (Time is in decaauts)
 A = Elapsed time spent in this place.
 B = Non-inter-level travel time spent in this place.
 C = Inter-level travel time spent in this place.
 D = Time resting spent in this place.
 E = Time spent auto-exploring this place.
 F = Levels seen in this place.
 G = Mean time per level.
                   A        B        C        D        E       F      G
               +--------+--------+--------+--------+--------+-----+--------+
         Total |   3371 |   3262 |    109 |    811 |   1795 |   3 | 1123.7 |
       Dungeon |   3371 |   3262 |    109 |    811 |   1795 |   3 | 1123.7 |
               +--------+--------+--------+--------+--------+-----+--------+

Top non-repeatable levels by time:
     D:1: 2269 daAuts
     D:2: 1020 daAuts
     D:3: 82 daAuts
